 Dungeon Crawl Stone Soup version 0.23.2-30-g0e89c35649 (webtiles) character file.

Game seed: 4195305109944975988

10922 Oyoyoy the Cleaver (level 11, 0/97 HPs)
             Began as a Deep Dwarf Fighter on June 6, 2019.
             Was a High Priest of Okawaru.
             Slain by a nine-headed hydra (4 damage)
             ... on level 2 of the Lair of Beasts on June 9, 2019.
             The game lasted 01:07:45 (11396 turns).

Oyoyoy the Cleaver (Deep Dwarf Fighter)            Turns: 11396, Time: 01:07:46

Health: 0/97       AC: 22    Str: 22    XL:     11   Next: 42%
Magic:  3/7        EV:  3    Int: 10    God:    Okawaru [*****.]
Gold:   675        SH:  8    Dex: 14    Spells: 10/10 levels left

rFire    + + .     SeeInvis .   o - +2 hand axe (drain)
rCold    + . .     Gourm    .   c - +0 shield
rNeg     . . .     Faith    .   S - +5 plate armour {rC+}
rPois    +         Spirit   .   m - +0 helmet
rElec    .         Reflect  .   z - +1 cloak {rPois}
rCorr    .         Harm     .   (no gloves)
MR       +....                  (no boots)
Stlth    ..........             (no amulet)
HPRegen  0.00/turn              y - +4 ring of protection
MPRegen  0.10/turn              N - ring of protection from fire

@: about to teleport, non-regenerating, extremely drained
A: damage resistance, heal wounds, agile 1, fire resistance 1, sense
surroundings 2, no potion heal 1, MP-powered wands, no regeneration
a: Heal Wounds, Heroism, Finesse, Renounce Religion


You were on level 2 of the Lair of Beasts.
You worshipped Okawaru.
Okawaru was extremely pleased with you.
You were not hungry.

You visited 3 branches of the dungeon, and saw 12 of its levels.

You collected 899 gold pieces.
You spent 224 gold pieces at shops.

Inventory:

Hand Weapons
 l - a +1 dire flail of venom
 o - a +2 hand axe of draining (weapon)
 s - a +4 flail of crushing
 I - a +8 blowgun
 J - a +3 battleaxe
 K - the +5 flail "Transmigrator" {crush, rPois Int+5 Stlth-, unknown}
   (You found it on level 8 of the Dungeon)

   It inflicts extra damage upon your enemies.
   It affects your intelligence (+5).
   It protects you from poison.
   It makes you less stealthy.
 O - the +6 rapier "Hoesh" {pierce, Dex+6, unknown}
   (You found it on level 8 of the Dungeon)

   It inflicts extra damage upon your enemies.
   It affects your dexterity (+6).
 R - a +1 trident of freezing
Missiles
 b - 18 javelins (quivered)
 v - 3 curare-tipped needles
 P - 5 tomahawks
 V - 2 throwing nets
Armour
 c - a +0 shield (worn)
 k - a +2 ring mail of fire resistance
 m - a +0 helmet (worn)
 w - a +0 troll leather armour
 z - a +1 cloak of poison resistance (worn)
 S - a +5 plate armour of cold resistance (worn)
Magical Staves
 L - an uncursed staff of fire
 T - an uncursed staff of energy
Jewellery
 a - an uncursed ring of wizardry
 h - an uncursed ring of flight
 y - a +4 ring of protection (left hand)
 N - a ring of protection from fire (right hand)
Wands
 e - a wand of iceblast (3)
 X - a wand of polymorph (4)
Scrolls
 g - 8 scrolls of teleportation
 i - 2 scrolls of fog
 j - 6 scrolls of remove curse
 t - a scroll of random uselessness {unknown}
 u - a scroll of noise {unknown}
 D - 4 scrolls of enchant weapon {unknown}
 F - 3 scrolls of blinking {unknown}
 G - 2 scrolls of amnesia {unknown}
 M - 2 scrolls of vulnerability {unknown}
 Q - 2 scrolls of magic mapping {unknown}
 W - a scroll of identify
 Z - a scroll of acquirement {unknown}
Potions
 d - a potion of might
 n - a potion of agility
 p - 3 potions of flight
 r - a potion of magic
 x - a potion of resistance
 A - a potion of brilliance {unknown}
 B - 2 potions of berserk rage {unknown}
 C - 3 potions of curing
 E - 3 potions of lignification
 H - 4 potions of heal wounds
 U - a potion of haste {unknown}
Miscellaneous
 q - a sack of spiders
Comestibles
 f - 16 rations


   Skills:
 + Level 6.1(0.0) Fighting
 + Level 11.2(0.0) Axes
 + Level 8.6(0.0) Armour
 + Level 2.8(0.0) Dodging
 + Level 1.5(0.0) Stealth
 + Level 8.7(0.0) Shields
 * Level 7.4(0.0) Invocations
 * Level 8.5(0.0) Evocations


You had 10 spell levels left.
You didn't know any spells.
Your spell library contained the following spells:

 Spells                   Type           Power        Failure   Level  Hunger
 Animate Skeleton         Necr           N/A          100%        1    ##.....
 Apportation              Tloc           #.....       100%        1    ##.....
 Confusing Touch          Hex            #.....       100%        1    ##.....
 Magic Dart               Conj           #...         100%        1    ##.....
 Sandblast                Erth           #.....       100%        1    ##.....
 Summon Small Mammal      Summ           #...         100%        1    ##.....
 Blink                    Tloc           N/A          100%        2    ###....
 Call Imp                 Summ           #.......     100%        2    ###....
 Passwall                 Tmut/Erth      #.......     100%        2    ###....
 Searing Ray              Conj           #.....       100%        2    ###....
 Slow                     Hex            #.......     100%        2    ###....
 Conjure Flame            Conj/Fire      #.......     100%        3    ####...
 Dazzling Spray           Conj/Hex       #.....       100%        3    ####...
 Mephitic Cloud           Conj/Pois/Air  #.......     100%        3    ####...
 Stone Arrow              Conj/Erth      #.....       100%        3    ####...
 Force Lance              Conj/Tloc      #.......     100%        4    #####..
 Fulminant Prism          Conj/Hex       #.........   100%        4    #####..
 Iskenderun's Mystic Bla  Conj           #.......     100%        4    #####..
 Petrify                  Tmut/Erth      #.......     100%        4    #####..
 Lee's Rapid Deconstruct  Erth           #.........   100%        5    ######.


Dungeon Overview and Level Annotations

Branches:
Dungeon (9/15)             Temple (1/1) D:6            Lair (2/6) D:9
  Swamp: Lair:2-4    Shoals: Lair:2-4     Snake: Lair:2-4    Spider: Lair:2-4
    Orc: D:9-12

Altars:
Ashenzari
Cheibriados
Dithmenos
Elyvilon
Fedhas
Gozag
Hepliaklqana
Kikubaaqudgha
Makhleb
Nemelex Xobeh
Okawaru
Qazlal
Ru
Sif Muna
Trog
Uskayaw
Vehumet
Wu Jian
Xom
Yredelemnul
Zin
The Shining One

Shops:
D:8 !


Innate Abilities, Weirdness & Mutations

You are resistant to damage.
You can heal yourself by infusing magical energy.
You passively map the area around you.
You do not regenerate.
You are agile. (Dex +2)
Your flesh is heat resistant. (rF+)
Potions are less effective at restoring your health.
You expend magic power (3 MP) to strengthen your wands.


Message History

The polar bear claws you but does no damage. x2
You block the nine-headed hydra's attack.
The nine-headed hydra bites you.
The nine-headed hydra bites you but does no damage.
The nine-headed hydra bites you!
* * * LOW HITPOINT WARNING * * *
The nine-headed hydra bites you but does no damage. x2
The nine-headed hydra bites you.
The nine-headed hydra bites you but does no damage. x2
The polar bear completely misses you.
The polar bear claws you but does no damage. x2
The spiny frog stings you but does no damage.
As you read the scroll of teleportation, it crumbles to dust.
You feel strangely unstable. The blink frog hits you.
The blink frog hits you but does no damage.
The nine-headed hydra bites you but does no damage.
The nine-headed hydra bites you.
The nine-headed hydra bites you but does no damage.
The nine-headed hydra bites you!
You die...

*,####..#..
.####............. ,
,............................
.........#..###...[.........
, ........##**
#.............. ,........#
##............. ........###
#.............. ,
,........#.####..............
,
..........Fh....P###.#.P.#.#
, .........hF@....##
###..####
,,.P#P.##...hDF....# #.## #
,, ## #.....F...## ##.# # ,,
#.........#####..##### * ,,,
* #..........#P#.P..#.#.. *
,*,##.......†............. *
, ..........#..###.##... ,
.#.........#### #####.# , *
..P####.#.# #...


You could see a nine-headed hydra, 3 polar bears, a spiny frog and 3 blink
frogs.

Vanquished Creatures
  2 two-headed ogres
  Sonja (Lair:1)
  Pikel (D:8)
  An orc sorcerer (D:8)
  A deep elf mage (D:8)
  A spiny frog (Lair:1)
  A kobold demonologist (D:8)
  A troll (D:9)
  A slime creature (D:8)
  Prince Ribbit (D:6)
  3 blink frogs (Lair:2)
  7 hippogriffs
  6 yaks
  Eustachio (D:4)
  Edmund (D:4)
  3 water moccasins
  3 sky beasts
  4 orc warriors
  2 phantoms
  2 ogres
  4 centaurs
  A crocodile (Lair:1)
  A big kobold (D:7)
  9 bullfrogs
  5 scorpions
  A wyvern skeleton (D:8)
  6 wights (D:6)
  4 howler monkeys
  An electric eel (D:6)
  2 crimson imps
  A bullfrog zombie (D:7)
  Crazy Yiuf (D:4)
  A centaur zombie (D:9)
  3 orc priests
  3 hounds
  3 jellies (D:5)
  A centaur skeleton (D:6)
  An orc wizard (D:7)
  An iguana (D:9)
  3 worker ants
  A hound skeleton (D:4)
  A worker ant zombie (D:5)
  5 adders
  2 oozes (D:2)
  3 worms
  A dart slug (D:2)
  2 leopard geckos
  36 orcs
  5 ball pythons
  6 giant cockroaches
  5 goblins
  7 hobgoblins
  15 jackals
  5 quokkas
  4 bats
  3 frilled lizards
  A jackal skeleton (D:3)
  9 kobolds
  A leopard gecko zombie (D:7)
  2 quokka skeletons
  A quokka zombie (D:7)
  5 rats
215 creatures vanquished.

Vanquished Creatures (others)
  2 slaves (D:8)
  2 crimson imps (D:8)
  A fungus (Lair:1)
5 creatures vanquished.

Grand Total: 220 creatures vanquished

Notes
Turn   | Place    | Note
-------+----------+-------------------------------------------
     0 | D:1      | Oyoyoy the Deep Dwarf Fighter began the quest for the Orb.
     0 | D:1      | Reached XP level 1. HP: 20/20 MP: 1/1
   381 | D:1      | Reached XP level 2. HP: 25/27 MP: 2/2
  1147 | D:2      | Found a deep blue altar of Sif Muna.
  1260 | D:2      | Reached XP level 3. HP: 29/34 MP: 3/3
  1600 | D:2      | Reached skill level 3 in Axes
  1761 | D:2      | Reached XP level 4. HP: 34/42 MP: 4/4
  2005 | D:3      | Found a bloodstained altar of Trog.
  2668 | D:4      | Reached skill level 4 in Axes
  2668 | D:4      | Reached skill level 1 in Dodging
  2668 | D:4      | Reached XP level 5. HP: 40/49 MP: 5/5
  2717 | D:4      | Noticed Eustachio
  2743 | D:4      | Killed Eustachio
  2743 | D:4      | Reached skill level 5 in Axes
  2743 | D:4      | Reached XP level 6. HP: 36/56 MP: 6/6
  3113 | D:4      | Noticed Edmund
  3132 | D:4      | Killed Edmund
  3419 | D:4      | Reached XP level 7. HP: 10/62 MP: 7/7
  3422 | D:4      | HP: 3/62 [worm (7)]
  3818 | D:4      | Found a runed translucent door.
  3819 | D:4      | Noticed Crazy Yiuf
  3835 | D:4      | Killed Crazy Yiuf
  3835 | D:4      | Reached skill level 6 in Axes
  4712 | D:5      | Entered Level 5 of the Dungeon
  4891 | D:5      | Reached skill level 5 in Armour
  4988 | D:5      | Found a snail-covered altar of Cheibriados.
  5060 | D:5      | Found a shattered altar of Ashenzari.
  5199 | D:5      | Reached skill level 1 in Stealth
  5255 | D:5      | Found an iron altar of Okawaru.
  5255 | D:5      | Found a hide-covered altar of Uskayaw.
  5266 | D:5      | Became a worshipper of Warmaster Okawaru
  5713 | D:6      | Noticed Prince Ribbit
  5723 | D:6      | Reached skill level 7 in Axes
  5727 | D:6      | Reached skill level 5 in Shields
  5732 | D:6      | Reached XP level 8. HP: 71/72 MP: 6/6
  5736 | D:6      | Killed Prince Ribbit
  5737 | D:6      | Reached * piety under Okawaru
  5758 | D:6      | Found a staircase to the Ecumenical Temple.
  5785 | D:6      | Reached skill level 8 in Axes
  5821 | Temple   | Entered the Ecumenical Temple
  6228 | D:6      | Reached skill level 1 in Evocations
  6231 | D:6      | Reached skill level 1 in Invocations
  6382 | D:6      | Found a hazy altar of Hepliaklqana.
  7392 | D:7      | Gained mutation: You passively map the area around you.
                  | [Deep Dwarf growth]
  7392 | D:7      | Reached XP level 9. HP: 75/79 MP: 7/7
  7407 | D:7      | Reached ** piety under Okawaru
  7644 | D:7      | Found a glowing golden altar of the Shining One.
  7801 | D:7      | Found a burning altar of Makhleb.
  7810 | D:7      | Found an ornate altar of the Wu Jian Council.
  7810 | D:7      | Found a shadowy altar of Dithmenos.
  8070 | D:8      | Reached skill level 9 in Axes
  8125 | D:8      | Noticed Pikel
  8136 | D:8      | Killed Pikel
  8136 | D:8      | Reached *** piety under Okawaru
  8136 | D:8      | Reached skill level 5 in Fighting
  8329 | D:8      | Reached XP level 10. HP: 46/88 MP: 8/8
  8355 | D:8      | Reached skill level 5 in Evocations
  8376 | D:8      | Reached **** piety under Okawaru
  8378 | D:8      | Reached skill level 10 in Axes
  8484 | D:8      | Reached skill level 5 in Invocations
  8533 | D:8      | Noticed an orc sorcerer
  8535 | D:8      | Noticed a deep elf mage
  8539 | D:8      | Killed an orc sorcerer
  8543 | D:8      | Killed a deep elf mage
  8558 | D:8      | Noticed a two-headed ogre
  8567 | D:8      | Killed a two-headed ogre
  8567 | D:8      | Reached ***** piety under Okawaru
  8591 | D:8      | Found Rolit's Distillery.
  8610 | D:8      | Bought a potion of curing for 48 gold pieces
  8610 | D:8      | Bought a potion of heal wounds for 80 gold pieces
  8610 | D:8      | Bought a potion of curing for 48 gold pieces
  8610 | D:8      | Bought a potion of curing for 48 gold pieces
  8778 | D:8      | Found a radiant altar of Vehumet.
  8778 | D:8      | Found a blossoming altar of Fedhas.
  8863 | D:8      | Got a jewelled flail
  8875 | D:8      | Got a faintly glowing rapier
  9169 | D:8      | Gained mutation: You expend magic power (3 MP) to
                  | strengthen your wands. [potion of mutation]
  9169 | D:8      | Gained mutation: Potions are less effective at restoring
                  | your health. [potion of mutation]
  9169 | D:8      | Gained mutation: You are agile. (Dex +2) [potion of
                  | mutation]
  9169 | D:8      | Gained mutation: Your flesh is heat resistant. (rF+)
                  | [potion of mutation]
  9171 | D:9      | Found a blossoming altar of Fedhas.
  9389 | D:9      | Noticed a two-headed ogre
  9404 | D:9      | Killed a two-headed ogre
  9404 | D:9      | Received a gift from Okawaru
  9404 | D:9      | Reached skill level 11 in Axes
  9741 | D:9      | Reached XP level 11. HP: 63/97 MP: 8/8
  9783 | D:9      | Found a staircase to the Lair.
 10144 | Lair:1   | Entered Level 1 of the Lair of Beasts
 10231 | Lair:1   | Noticed Sonja
 10337 | Lair:1   | Killed Sonja
 11387 | Lair:2   | Noticed an eight-headed hydra
 11395 | Lair:2   | HP: 4/97 [nine-headed hydra (7)]
 11396 | Lair:2   | Slain by a nine-headed hydra

Skill      XL: |  1  2  3  4  5  6  7  8  9 10 11 |
---------------+----------------------------------+-----
Fighting       | 3 4 5 6 |  6.1
Axes           | 3 4 5 7 8 9 11 | 11.2
Armour         | 4 5 6 7 8 |  8.6
Shields        | 4 5 6 7 8 |  8.7
Dodging        | 1 2 |  2.8
Stealth        | 1 |  1.5
Evocations     | 2 4 7 8 |  8.5
Invocations    | 2 4 6 7 |  7.4

Action                   |  1- 3 |  4- 6 |  7- 9 | 10-12 || total
-------------------------+-------+-------+-------+-------++-------
Melee: War axe           |   134 |   151 |    57 |       ||   342
       Hand axe          |       |       |   348 |   388 ||   736
Invok: Heroism           |       |       |       |     2 ||     2
       Finesse           |       |       |       |     1 ||     1
 Abil: Heal Wounds       |     2 |     4 |    17 |    15 ||    38
       Evoke Flight      |       |       |     2 |       ||     2
Evoke: Wand              |       |       |     2 |     4 ||     6
  Use: Potion            |     5 |       |     1 |     3 ||     9
       Scroll            |     2 |       |       |    12 ||    14
 Stab: Invisible         |       |       |     1 |       ||     1
  Eat: Chunk             |     3 |     2 |     3 |     6 ||    14
       Ration            |       |     1 |     4 |     2 ||     7
Armor: Scale mail        |    99 |    63 |     2 |       ||   164
       Chain mail        |       |       |   163 |    18 ||   181
       Plate armour      |       |       |       |   531 ||   531
Dodge: Dodged            |    61 |    41 |    91 |    77 ||   270
Block: Shield            |    94 |    78 |   217 |   270 ||   659
